 Dungeon Crawl Stone Soup version 0.15-a0-217-g70ad64b (webtiles) character file.

363 PolkaDot the Poker (level 5, -4/38 HPs)
             Began as a Vampire Death Knight on Apr 24, 2014.
             Was a Believer of Yredelemnul.
             Killed from afar by an orc wizard (8 damage)
             ... with a magic dart
             ... on Level 4 of the Dungeon.
             The game lasted 00:14:58 (3429 turns).

PolkaDot the Poker (Vampire Death Knight)           Turns: 3429, Time: 00:14:58

HP  -4/38        AC  2     Str 12      XL: 5   Next: 58%
MP   6/6         EV 10     Int 13      God: Yredelemnul [**....]
Gold 151         SH  0     Dex 14      Spells:  1 memorised,  1 level left

rFire  . . .     SeeInvis +     a - +2,+1 spear
rCold  . . .     Clarity  .     l - -2 leather armour (curse)
rNeg   . . .     Conserve .     (no shield)
rPois  .         rCorr    .     (no helmet)
rElec  .         rRot     .     (no cloak)
SustAb . .       Spirit   .     c - +0 pair of gloves
rMut   .         Warding  .     (no boots)
Saprov . . .     Stasis   .     (no amulet)
MR     .....                    (no ring)
                                (no ring)

@: regenerating quickly, not resistant to hostile enchantments, unstealthy
A: fangs 3, see invisible, unbreathing
a: Animate Remains, Recall Undead Slaves, Injury Mirror, Renounce Religion


You were on level 4 of the Dungeon.
You worshipped Yredelemnul.
Yredelemnul was pleased with you.
You were full.

You visited 1 branch of the dungeon, and saw 4 of its levels.

You collected 151 gold pieces.

Inventory:

Hand weapons
 a - a +2,+1 spear (weapon)
Armour
 b - a +0 leather armour
 c - a +0 pair of gloves (worn)
 l - a cursed -2 leather armour (worn)
Magical devices
 g - a wand of magic darts (15)
Scrolls
 d - a scroll of amnesia
Jewellery
 f - an uncursed ring of teleportation
Books
 k - a book of Dreams

   Spells                             Type                      Level
   Ensorcelled Hibernation            Hexes/Ice                    2
   *Flight                            Charms/Air                   3
   Phase Shift                        Translocation                5
   Shadow Creatures                   Summoning                    5
   Mass Confusion                     Hexes                        6
   Darkness                           Hexes                        7


   Skills:
 - Level 1.7 Fighting
 * Level 5.4 Polearms
 - Level 0.7 Armour
 - Level 1.1 Dodging
 - Level 2.4 Invocations


You had one spell level left.
You knew the following spells:

 Your Spells              Type           Power        Failure   Level  Hunger
F - Flight                Chrm/Air       #.........   86%         3    ####...


Dungeon Overview and Level Annotations

Branches:
Dungeon (4/15)
 Temple: D:4-7

Altars:
Sif Muna
Xom
The Shining One

Annotations:
D:2 Grinder
D:4 Sigmund


Innate Abilities, Weirdness & Mutations

Your natural rate of healing is unusually fast.
You have razor-sharp teeth.*
You have supernaturally acute eyesight.
You can survive without breathing.*


Message History

As you read the scroll labeled HOCAEGG OSIRAM, it crumbles to dust.
You feel aware of your surroundings.
It was a scroll of magic mapping.
The orc wizard casts a spell at you. The magic dart hits you!
* * * LOW HITPOINT WARNING * * *
The orc wizard points at you and mumbles some strange words.
The magic dart hits you!
* * * LOW HITPOINT WARNING * * *
You hit the orc wizard.
The orc wizard is moderately wounded.
The orc wizard hits you but does no damage. x2
You hit the orc wizard but do no damage.
The orc wizard is moderately wounded.
The orc wizard barely misses you.
You completely miss the orc wizard.
The orc wizard is moderately wounded.
The orc wizard gestures at you while chanting.
The magic dart hits you!
You die...
Yredelemnul claims you as an undead slave.

****'*'*,,,,,,.(..,,,,,,,,,,,,,,
*,*,,,,,,,,...#,,,>,,,,,,,,,,
*,*********#.., ,,,,,,,,,,,,, **
*,,,,,>,,,,...,,,,,,,,####### ,*
***********#.#******#.#...... ,*
#o# #.#<#.### ,* #o# #.#.#.###
,* #o# #.#.#.... ,*
############@# #.#.####. ,*
#..........#.########.#....#. ,*
#.########.#........#.####.#. ,*
#.# #....#(########.#....#.#. ,*
#.# #....#.......#..)....#.#. ,*
#.# #.#..#######.#..#.#..#.#. ,*
#.#####..#.....#.#..#.#..#.#. **
#........#.###.#.#..#.####.#.
########.#.###.#.#..#......#.


You could see an orc wizard and 2 orcs.

Vanquished Creatures
  An orc priest (D:3)
  An orc wizard (D:4)
  Jessica (D:2)
  2 adders (D:2)
  A giant mite (D:3)
  2 worms
  An iguana zombie (D:3)
  A giant gecko (D:3)
  An ooze (D:1)
  3 orcs
  2 ball pythons (D:2)
  17 goblins
  9 hobgoblins
  A quokka (D:2)
  4 bats
  2 giant cockroaches
  4 giant newts
  8 kobolds
  A kobold skeleton (D:4)
  8 rats
  A rat skeleton (D:4)
71 creatures vanquished.

Vanquished Creatures (collateral kills)
  Ijyb (D:2)
  2 adders
  2 goblins (D:2)
5 creatures vanquished.

Vanquished Creatures (others)
  A worm zombie (D:2)
  A ball python skeleton (D:2)
  3 goblin zombies (D:2)
  A hobgoblin skeleton (D:2)
  2 kobold zombies (D:2)
  An orc zombie (D:3)
9 creatures vanquished.

Grand Total: 85 creatures vanquished

Notes
Turn   | Place    | Note
--------------------------------------------------------------
     0 | D:1      | PolkaDot, the Vampire Death Knight, began the quest for the Orb.
     0 | D:1      | Reached XP level 1. HP: 16/16 MP: 1/1
   154 | D:1      | Reached XP level 2. HP: 16/22 MP: 2/2
   526 | D:1      | Reached skill level 3 in Polearms
   575 | D:1      | Acquired Yredelemnul's second power
   604 | D:1      | Found a shimmering altar of Xom.
   604 | D:1      | Found a shimmering altar of Xom.
   606 | D:1      | Found a shimmering altar of Xom.
   611 | D:1      | Found a shimmering altar of Xom.
   617 | D:1      | Found a shimmering altar of Xom.
   743 | D:2      | Reached XP level 3. HP: 11/27 MP: 4/4
   849 | D:2      | Noticed Jessica
   857 | D:2      | Killed Jessica
  1099 | D:2      | Noticed Ijyb
  1101 | D:2      | Paralysed by a potion of paralysis for 5 turns
  1121 | D:2      | Reached XP level 4. HP: 15/33 MP: 5/5
  1141 | D:2      | Killed Ijyb
  1141 | D:2      | Reached skill level 4 in Polearms
  1469 | D:2      | Found a deep blue altar of Sif Muna.
  1794 | D:2      | Found a glowing golden altar of the Shining One.
  1987 | D:3      | Learned a level 3 spell: Flight
  2035 | D:3      | Reached XP level 5. HP: 34/38 MP: 6/6
  2082 | D:3      | Reached skill level 5 in Polearms
  2322 | D:3      | Noticed Grinder
  2325 | D:3      | Paralysed by Grinder for 7 turns
  2474 | D:3      | Paralysed by Grinder for 6 turns
  2497 | D:3      | Paralysed by Grinder for 3 turns
  3054 | D:4      | Noticed Sigmund
  3429 | D:4      | Killed from afar by an orc wizard

Action                   |  1- 3 |  4- 6 || total
-------------------------+-------+-------++-------
Melee: Spear             |   124 |   190 ||   314
Invok: Animate Remains   |     4 |    10 ||    14
       Recall Undead Sla |       |     1 ||     1
  Use: Scroll            |     3 |     6 ||     9
       Potion            |     4 |     3 ||     7
 Stab: Sleeping          |     1 |     1 ||     2
       Invisible         |     4 |     4 ||     8
